 Dungeon Crawl Stone Soup version 0.23.0 (webtiles) character file.

Game seed: 13590060013229432314

526508 McKennaii the Gargoyle Barricade (level 25, -1/162 HPs)
             Began as a Gargoyle Fighter on Feb 9, 2019.
             Was the Champion of Cheibriados.
             Splashed by an acid blob's acid (14 damage)
             ... on level 1 of the Pits of Slime.
             The game lasted 03:14:46 (49773 turns).

McKennaii the Gargoyle Barricade (GrFi)            Turns: 49773, Time: 03:14:47

Health: -1/162     AC: 35    Str: 53    XL:     25   Next: 48%
Magic:  44/44      EV: 17    Int: 27    God:    Cheibriados [******]
Gold:   7090       SH:  0    Dex: 34    Spells: 24/24 levels left

rFire    + + +     SeeInvis +   N - +12 war axe "Soifiopu" {freeze, rC+ Str+2}
rCold    + + .     Gourm    .   i - +0 large shield {rF+}
rNeg     + . .     Faith    .   q - +4 plate armour {rC+}
rPois    ∞         Spirit   .   e - +2 helmet {SInv}
rElec    +         Reflect  .   D - +0 cloak
rCorr    .         Harm     .   K - +2 pair of gloves "Seruumaf" {rF+ MP+9 Dex+4 Stlth-}
MR       ++...                  d - +0 pair of boots of the Cockatrice {Str+7}
Stlth    ..........             Y - amulet of regeneration
HPRegen  0.77/turn              I - ring of Suicidal Tendencies {Fire MR+ Dex+6}
MPRegen  0.29/turn              Z - ring of Vunicwil {Wiz +Fly rC+}

@: confused, corroded, flying, studying Staves, very slow
A: big wings, negative energy resistance 1, electricity resistance, unbreathing,
petrification resistance, rot immunity, AC +19
}: 3/15 runes: serpentine, barnacled, silver
a: Stop Flying, Bend Time, Temporal Distortion, Slouch, Step From Time, Renounce
Religion


You were on level 1 of the Pits of Slime.
You worshipped Cheibriados.
Cheibriados was exalted by your worship.
You were not hungry.

You visited 9 branches of the dungeon, and saw 41 of its levels.
You visited the Abyss 3 times.
You also visited: Bailey, Gauntlet, Ice Cave and Volcano.

You collected 8881 gold pieces.
You spent 1791 gold pieces at shops.

Inventory:

Hand Weapons
 N - the +12 war axe "Soifiopu" (weapon) {freeze, rC+ Str+2}
   (You took it off a vault sentinel on level 5 of the Vaults)

   It has been specially enchanted to freeze those struck by it, causing extra
   injury to most foes and up to half again as much damage against particularly
   susceptible opponents.
   It can also slow down cold-blooded creatures.
   It affects your strength (+2).
   It protects you from cold.
 Q - a +1 vampiric war axe
Armour
 d - the +0 pair of boots of the Cockatrice (worn) {Str+7}
   (You acquired it on level 3 of the Snake Pit)

   It affects your strength (+7).
 e - a +2 helmet of see invisible (worn)
 i - a +0 large shield of fire resistance (worn)
 q - a +4 plate armour of cold resistance (worn)
 D - a +0 cloak (worn)
 K - the +2 pair of gloves "Seruumaf" (worn) {rF+ MP+9 Dex+4 Stlth-}
   (You bought it in a shop on level 7 of the Dungeon)

   It affects your dexterity (+4).
   It protects you from fire.
   It affects your magic capacity (+9).
   It makes you less stealthy.
Jewellery
 o - the ring "Boleon" {+Blink +Inv rN+ Str-3 Dex+9}
   (You took it off a deep elf sorcerer on level 3 of the Elven Halls)

   [ring of positive energy]

   It affects your strength (-3).
   It affects your dexterity (+9).
   It protects you from negative energy.
   It lets you turn invisible.
   It lets you blink.
 w - an uncursed ring of protection from fire
 I - the ring of Suicidal Tendencies (left hand) {Fire MR+ Dex+6}
   (You found it on level 4 of the Shoals)

   [ring of fire]

   It enhances your fire magic.
   It affects your dexterity (+6).
   It protects you from fire.
   It makes you vulnerable to cold.
   It affects your resistance to hostile enchantments.
 R - an uncursed ring of protection from magic
 Y - an amulet of regeneration (around neck)
 Z - the ring of Vunicwil (right hand) {Wiz +Fly rC+}
   (You found it on level 4 of the Shoals)

   [ring of wizardry]

   It improves your spell success rate.
   It protects you from cold.
   It lets you fly.
Wands
 r - a wand of iceblast (23)
 t - a wand of enslavement (7)
 u - a wand of digging (20)
 x - a wand of polymorph (36)
 B - a wand of paralysis (36)
 M - a wand of clouds (3)
 O - a wand of flame (94)
 T - a wand of disintegration (11)
 U - a wand of acid (6)
Scrolls
 a - 15 scrolls of remove curse
 b - 10 scrolls of identify
 c - 8 scrolls of blinking
 g - 3 scrolls of enchant weapon
 j - 6 scrolls of teleportation
 k - 6 scrolls of fog
 n - 9 scrolls of magic mapping
 s - 5 scrolls of enchant armour
 y - 6 scrolls of immolation
 C - 6 scrolls of silence
 E - 2 scrolls of holy word
 F - 4 scrolls of amnesia
 H - a scroll of acquirement
 P - 6 scrolls of torment
 W - a scroll of summoning
 X - 2 scrolls of fear
Potions
 h - 10 potions of brilliance
 m - 10 potions of curing
 p - 10 potions of resistance
 v - 5 potions of magic
 A - 2 potions of mutation
 G - 4 potions of might
 J - 3 potions of cancellation
 S - 5 potions of invisibility
 V - 3 potions of agility
Books
 l - a manual of Staves
Comestibles
 f - 74 rations


   Skills:
 + Level 17.9 Fighting
 * Level 2.4(12.4) Axes
   Level 19.3(19.4) Maces & Flails
 + Level 15.6 Armour
 + Level 6.6 Dodging
 + Level 3.7 Stealth
 O Level 27 Shields
 * Level 16.5 Invocations
 + Level 4.0 Evocations


You had 24 spell levels left.
You didn't know any spells.
Your spell library contained the following spells:

 Spells                   Type           Power        Failure   Level  Hunger
 Animate Skeleton         Necr           N/A          12%         1    ##.....
 Apportation              Tloc           #.....       12%         1    ##.....
 Confusing Touch          Hex            #.....       12%         1    ##.....
 Corona                   Hex            #......      12%         1    ##.....
 Freeze                   Ice            #...         12%         1    ##.....
 Magic Dart               Conj           #...         12%         1    ##.....
 Shock                    Conj/Air       #...         12%         1    ##.....
 Summon Butterflies       Summ           #.......     12%         1    ##.....
 Summon Small Mammal      Summ           #...         12%         1    ##.....
 Blink                    Tloc           N/A          19%         2    ###....
 Call Imp                 Summ           #.......     19%         2    ###....
 Corpse Rot               Necr           N/A          19%         2    ###....
 Ensorcelled Hibernation  Hex/Ice        #.....       19%         2    ###....
 Poisonous Vapours        Pois/Air       #.....       19%         2    ###....
 Slow                     Hex            #.......     19%         2    ###....
 Swiftness                Chrm/Air       #.......     19%         2    ###....
 Throw Frost              Conj/Ice       #.....       19%         2    ###....
 Call Canine Familiar     Summ           #.......     34%         3    ####...
 Confuse                  Hex            #.......     34%         3    ####...
 Conjure Flame            Conj/Fire      #.......     34%         3    ####...
 Dazzling Spray           Conj/Hex       #.....       34%         3    ####...
 Gell's Gravitas          Tloc           #.........   34%         3    ####...
 Mephitic Cloud           Conj/Pois/Air  #.......     34%         3    ####...
 Ozocubu's Armour         Chrm/Ice       #.......     34%         3    ####...
 Portal Projectile        Hex/Tloc       #.....       34%         3    ####...
 Recall                   Summ/Tloc      N/A          34%         3    ####...
 Static Discharge         Conj/Air       #.......     34%         3    ####...
 Summon Guardian Golem    Hex/Summ       #.......     34%         3    ####...
 Tukima's Dance           Hex            #.......     34%         3    ####...
 Vampiric Draining        Necr           #.........   34%         3    ####...
 Airstrike                Air            #.........   73%         4    #####..
 Animate Dead             Necr           N/A          73%         4    #####..
 Passage of Golubria      Tloc           N/A          73%         4    #####..
 Petrify                  Tmut/Erth      #.......     73%         4    #####..
 Summon Ice Beast         Ice/Summ       #.......     73%         4    #####..
 Summon Lightning Spire   Summ/Air       #.......     73%         4    #####..
 Throw Icicle             Conj/Ice       #.......     73%         4    #####..
 Agony                    Necr           #.......     96%         5    ######.
 Aura of Abjuration       Summ           #.........   96%         5    ######.
 Bolt of Draining         Conj/Necr      #.........   96%         5    ######.
 Borgnjor's Vile Clutch   Necr/Erth      #.........   96%         5    ######.
 Excruciating Wounds      Chrm/Necr      #.........   96%         5    ######.
 Iskenderun's Battlesphe  Conj/Chrm      #.......     96%         5    ######.
 Lightning Bolt           Conj/Air       #.........   96%         5    ######.
 Metabolic Englaciation   Hex/Ice        #.........   96%         5    ######.
 Silence                  Hex/Air        #.........   96%         5    ######.
 Summon Demon             Summ           #.........   96%         5    ######.
 Summon Forest            Summ/Tloc      #.........   96%         5    ######.
 Summon Mana Viper        Hex/Summ       #.......     96%         5    ######.
 Yara's Violent Unravell  Hex/Tmut       #.........   96%         5    ######.
 Darkness                 Hex            #.........   100%        6    #######
 Death Channel            Necr           #.........   100%        6    #######
 Freezing Cloud           Conj/Ice/Air   #.........   100%        6    #######
 Shadow Creatures         Summ           N/A          100%        6    #######
 Simulacrum               Ice/Necr       #.........   100%        6    #######
 Ring of Flames           Chrm/Fire      #.........   100%        7    #######
 Summon Hydra             Summ           #.........   100%        7    #######


Dungeon Overview and Level Annotations

Branches:
Dungeon (15/15)            Temple (1/1) D:6            Lair (6/6) D:10
 Shoals (4/4) Lair:4        Snake (4/4) Lair:2        Slime (1/5) Lair:6
    Orc (2/2) D:12            Elf (3/3) Orc:2        Vaults (5/5) D:14
  Crypt (0/3) Vaults:2     Depths (0/5) D:15

Altars:
Cheibriados
Elyvilon
Fedhas
Gozag
Hepliaklqana
Kikubaaqudgha
Makhleb
Qazlal
Ru
Sif Muna
Trog
Vehumet
Xom
Yredelemnul
Beogh

Shops:
D:7 =[*:!   D:11 *   D:12 !   Orc:2 %*}(((?   Elf:1 %   Elf:2 *   Snake:1 [?
Vaults:2 :

Portals:
Trove: D:14 (give 13 potions of heal wounds)

Annotations:
Elf:2 2 runed translucent doors


Innate Abilities, Weirdness & Mutations

You are resistant to torment.
Your stone body is resilient. (AC +19)
You are immune to poison.
Your large and strong wings let you fly indefinitely.
You resist negative energy. (rN+)
You are resistant to electric shocks. (rElec)
You can survive without breathing.
You are immune to petrification.
You are immune to rotting.


Message History

Your hands burn!
* * * LOW HITPOINT WARNING * * *
The acid blob is severely wounded.
The acid blob hits you!
* * * LOW HITPOINT WARNING * * *
You are splashed with acid!
* * * LOW HITPOINT WARNING * * *
The golden eye blinks at you. You resist with almost no effort.
The acid blob hits you but does no damage.
The golden eye blinks!
The acid blob hits you but does no damage.
The golden eye blinks at you. You resist with almost no effort.
Unknown command.
The acid blob spits acid at you. The splash of acid hits you!
* * * LOW HITPOINT WARNING * * *
You are splashed with acid!
You die...

.................###...
....#............#......
................#.......
....#....#............#.
........#............#..
.#.##...................
## ###........>.......#
#.............#...
#........J@..#....
#..................
##......#..........
##.#......G.##..>.
###...#.#.#.##...
##.#...........
#...#.#...... .
#...###........ ##.
......#..


You could see an acid blob and a golden eye.

Vanquished Creatures
  The ghost of Mayja the Impregnable, a veteran DDBe of Trog (Elf:2)
  Saint Roka (Snake:2)
  The ghost of ragingrage the Executioner, a veteran HOFi of Beogh (Vaults:3)
  Nikola (Elf:2)
  A golden dragon (Vaults:5)
  Rupert (D:15)
  3 liches (Vaults:5)
  4 tentacled monstrosities
  4 titans (Vaults:5)
  A quicksilver dragon (Vaults:5)
  3 deep elf blademasters
  3 deep elf master archers (Elf:3)
  2 acid blobs (Slime:1)
  A kraken (Shoals:3)
  5 tentacled starspawn
  4 sphinxes
  2 shadow dragons
  Kirke (D:13)
  Ilsuiw (Shoals:2)
  5 tengu reavers (Vaults:5)
  A storm dragon (Vaults:4)
  An ancient champion (Vaults:2)
  Agnes (D:15)
  An azure jelly (Slime:1)
  4 fire giants (Vaults:5)
  10 deep elf sorcerers (Elf:3)
  22 nagarajas
  8 frost giants
  A curse skull (Vaults:2)
  15 vault wardens
  2 iron dragons (Vaults:5)
  8 deep elf elementalists
  16 ironheart preservers
  5 war gargoyles (Vaults:5)
  4 stone giants
  8 very ugly things
  Nessos (D:12)
  A vampire knight (Vaults:2)
  An ophan (Abyss:1)
  6 deep elf demonologists
  7 deep elf annihilators
  A dire elephant (Lair:6)
  A minotaur (Gauntlet)
  Azrael (D:13)
  8 merfolk javelineers
  Snorg (D:11)
  2 ettins (Vaults:5)
  3 blizzard demons
  5 deep elf death magi
  12 ogre magi
  6 great orbs of eyes
  A fire dragon (Vaults:1)
  A crystal guardian (Vaults:4)
  Josephine (Lair:4)
  7 yaktaur captains
  4 merfolk impalers
  A quicksilver dragon skeleton (Abyss:2)
  8 deep elf high priests
  4 hydras
  Harold (D:11)
  29 vault guards
  6 rakshasas
  14 naga warriors
  3 ice dragons
  3 merfolk avatars
  9 merfolk aquamancers
  3 catoblepae
  5 anacondas
  13 centaur warriors
  2 satyrs (Shoals:4)
  44 two-headed ogres
  7 death knights
  A tengu warrior (D:15)
  35 dancing weapons
  2 deep troll shamans
  3 death yaks (Lair:6)
  2 deep troll earth magi
  12 naga sharpshooters
  6 thrashing horrors
  8 shock serpents
  2 orc high priests
  Urug (D:14)
  23 deep elf knights
  A fire crab (shapeshifter) (Vaults:1)
  3 sixfirhies (Gauntlet)
  3 salamander mystics
  16 sea snakes
  A glowing orange brain (Vaults:2)
  4 wretched stars (Abyss:3)
  A shadow wraith (Vaults:3)
  4 skeletal warriors
  An unseen horror (D:14)
  6 naga ritualists
  16 orc knights
  16 ironbrand convokers
  A tengu zombie (Vaults:5)
  2 flayed ghosts
  15 deep trolls
  2 necromancers
  23 harpies
  Pikel (D:6)
  19 deep elf archers
  11 mana vipers
  2 fire giant zombies
  4 wizards
  A salamander (shapeshifter) (Vaults:1)
  6 phantasmal warriors
  63 deep elf magi
  36 ugly things
  11 salamanders
  3 oklob plants (Lair:1)
  7 orc sorcerers
  5 wolf spiders
  4 cyclopes
  2 cyclopes (shapeshifter)
  An elephant (shapeshifter) (D:14)
  12 elephants (Lair:6)
  10 manticores
  14 fauns
  3 centaur zombies
  12 merfolk sirens
  16 guardian serpents
  30 black mambas
  5 water nymphs
  19 naga magi
  A water nymph (shapeshifter) (D:13)
  13 vault sentinels
  2 spiny frogs (shapeshifter)
  3 ice statues
  A guardian serpent (shapeshifter) (D:14)
  6 spiny frogs
  A smoke demon (Abyss:3)
  A yaktaur zombie (Vaults:5)
  7 large abominations
  4 gargoyles
  36 yaktaurs
  3 komodo dragons
  A kobold demonologist (D:15)
  2 tormentors
  2 efreet (Abyss:3)
  4 freezing wraiths
  7 ancient zymes
  13 ice devils (IceCv)
  A polar bear (shapeshifter) (Vaults:1)
  3 minotaur zombies (Gauntlet)
  A queen bee (Lair:4)
  11 trolls
  A tengu conjurer (D:15)
  10 wind drakes
  3 meliai (Lair:4)
  30 merfolk
  A yaktaur skeleton (D:15)
  2 hornets (shapeshifter)
  2 polar bears
  Prince Ribbit (D:9)
  A slime creature (shapeshifter) (Vaults:5)
  A tyrant leech (shapeshifter) (Vaults:5)
  7 dream sheep (Shoals:4)
  17 blink frogs
  6 snapping turtles
  A stone giant simulacrum (Vaults:3)
  8 slime creatures (Slime:1)
  2 raiju (Abyss:3)
  A raiju (shapeshifter) (Vaults:1)
  7 hornets
  A hippogriff (shapeshifter) (Abyss:3)
  8 hippogriffs
  3 fire dragon zombies
  A vampire (Abyss:3)
  2 air elementals
  A frost giant simulacrum (Vaults:1)
  A spriggan (shapeshifter) (Vaults:4)
  12 wraiths
  A shadow (D:14)
  15 water elementals
  A spriggan (Lair:3)
  2 wyverns
  8 fire elementals
  3 hogs (D:13)
  2 fire bats (Volcano)
  28 yaks
  2 elf zombies
  2 ynoxinuls
  4 golden eyes (Slime:1)
  4 basilisks
  16 humans
  3 chaos spawn (Abyss:3)
  2 hungry ghosts
  A vampire mosquito (D:10)
  2 neqoxecs (Abyss:3)
  14 small abominations
  6 wargs
  A harpy simulacrum (Abyss:3)
  3 acid dragons
  A soldier ant (D:12)
  A warg (shapeshifter) (Vaults:2)
  3 hell hounds
  An insubstantial wisp (Abyss:3)
  43 nagas
  5 water moccasins
  A slave (D:6)
  5 porcupines
  36 orc warriors
  3 black bears
  4 sky beasts
  5 ice beasts
  2 necrophages
  3 phantoms
  2 eyes of draining
  31 ogres
  9 boggarts (Vaults:2)
  7 wolves
  31 centaurs
  10 crocodiles
  3 big kobolds
  16 bullfrogs
  A gnoll sergeant (D:5)
  A human zombie (Vaults:5)
  A wyvern zombie (D:9)
  A glowing shapeshifter simulacrum (Vaults:5)
  5 earth elementals
  A wyvern skeleton (D:7)
  5 scorpions
  33 killer bees
  3 wights (D:7)
  2 electric eels
  2 howler monkeys (D:9)
  5 crimson imps
  17 starcursed masses
  3 quasits
  2 bullfrog zombies
  Crazy Yiuf (D:6)
  6 centaur skeletons
  7 jellies
  31 orc priests
  5 hounds
  5 iguanas
  36 orc wizards
  5 worker ants
  A killer bee zombie (D:5)
  2 hound zombies
  2 worker ant zombies
  Robin (D:3)
  8 adders
  3 gnolls
  5 shadow imps
  12 white imps
  3 oozes
  6 ufetubi
  2 worms (D:2)
  5 dart slugs
  3 leopard geckos
  98 orcs
  A ball python (D:2)
  8 bats
  4 giant cockroaches
  22 goblins
  9 hobgoblins
  12 jackals
  5 quokkas
  5 frilled lizards
  A jackal skeleton (D:4)
  28 kobolds
  A leopard gecko skeleton (D:8)
  A quokka skeleton (D:4)
  6 rats
  2 crawling corpses (Elf:3)
  2 plants (Lair:1)
  4 starspawn tentacles
  A tentacle (Shoals:3)
1917 creatures vanquished.

Vanquished Creatures (others)
  A tentacled starspawn (Abyss:1)
  2 deep elf magi (Elf:3)
  An elephant (Lair:6)
  3 humans (D:13)
  An acid dragon (Vaults:1)
  3 slaves (D:6)
  A wolf (Lair:3)
  A centaur (D:13)
  A boggart (Vaults:2)
  A crocodile (shapeshifter) (Vaults:5)
  A glowing shapeshifter simulacrum (Vaults:3)
  A hound (D:6)
  2 orc priests
  An orc wizard (Orc:2)
  A worker ant (D:6)
  3 white imps (IceCv)
  2 ufetubi (IceCv)
  2 orcs
  A demonic plant (Gauntlet)
  A lurking horror (Abyss:3)
  16 plants
  19 starspawn tentacles
  4 tentacles (Shoals:3)
  13 withered plants (Gauntlet)
82 creatures vanquished.

Grand Total: 1999 creatures vanquished

Notes
Turn   | Place    | Note
-------+----------+-------------------------------------------
     0 | D:1      | McKennaii the Gargoyle Fighter began the quest for the Orb.
     0 | D:1      | Reached XP level 1. HP: 14/14 MP: 1/1
    61 | D:1      | Reached XP level 2. HP: 13/19 MP: 2/2
   194 | D:1      | Reached XP level 3. HP: 23/24 MP: 3/3
   784 | D:2      | Found a stormy altar of Qazlal.
  1041 | D:2      | Reached XP level 4. HP: 28/29 MP: 4/4
  1449 | D:3      | Reached skill level 4 in Shields
  1455 | D:3      | Reached XP level 5. HP: 29/33 MP: 5/5
  1784 | D:3      | Noticed Robin
  1808 | D:3      | Killed Robin
  2320 | D:4      | Noticed a phantom
  2377 | D:4      | Killed a phantom
  2377 | D:4      | Reached XP level 6. HP: 11/38 MP: 6/6
  2900 | D:4      | Noticed a phantom
  2903 | D:4      | Reached skill level 5 in Shields
  2935 | D:4      | Killed a phantom
  2935 | D:4      | Reached XP level 7. HP: 44/44 MP: 7/7
  3098 | D:4      | Reached skill level 5 in Maces & Flails
  3352 | D:5      | Entered Level 5 of the Dungeon
  3431 | D:5      | Reached skill level 5 in Fighting
  3843 | D:5      | Reached skill level 6 in Shields
  3843 | D:5      | Reached XP level 8. HP: 44/49 MP: 8/8
  3940 | D:6      | Reached skill level 1 in Dodging
  4231 | D:6      | Noticed Pikel
  4245 | D:6      | Killed Pikel
  4245 | D:6      | Reached skill level 7 in Shields
  4279 | D:6      | Reached skill level 5 in Armour
  4431 | D:6      | Reached XP level 9. HP: 13/54 MP: 9/9
  4700 | D:6      | Found a staircase to the Ecumenical Temple.
  4724 | Temple   | Entered the Ecumenical Temple
  4777 | Temple   | Became a worshipper of Cheibriados the Contemplative
  4925 | D:6      | Found a runed translucent door.
  4926 | D:6      | Noticed Crazy Yiuf
  5324 | D:6      | Cast into level 1 of the Abyss (Crazy Yiuf)
  5349 | Abyss:1  | Noticed a large abomination
  5361 | Abyss:1  | Killed a large abomination
  5361 | Abyss:1  | Reached skill level 8 in Shields
  5361 | Abyss:1  | Reached skill level 1 in Evocations
  5380 | Abyss:1  | Noticed an ancient zyme
  5384 | Abyss:1  | Noticed a tormentor
  5391 | Abyss:1  | Killed an ancient zyme
  5403 | Abyss:1  | Killed a tormentor
  5527 | Abyss:1  | Found a corrupted altar of Lugonu.
  5562 | D:6      | Escaped the Abyss
  5568 | D:6      | Killed Crazy Yiuf
  5742 | D:7      | Reached * piety under Cheibriados
  5745 | D:7      | Reached XP level 10. HP: 55/60 MP: 10/10
  5748 | D:7      | Reached skill level 9 in Shields
  5752 | D:7      | Found Odwah's Book Shoppe.
  5761 | D:7      | Found Sumienn's Distillery.
  5773 | D:7      | Found Wameimorph's Assorted Antiques.
  5779 | D:7      | Bought a fizzy clear potion for 26 gold pieces
  5779 | D:7      | Bought a scroll labeled WAFOMA BOIRISM for 29 gold pieces
  5793 | D:7      | Found Cosyukke's Jewellery Shop.
  5844 | D:7      | Bought 2 potions of might for 120 gold pieces
  5844 | D:7      | Bought 2 potions of heal wounds for 150 gold pieces
  6131 | D:7      | Found a basalt altar of Yredelemnul.
  6315 | D:7      | Found Diqyra's Antique Armour Boutique.
  6586 | D:8      | Reached ** piety under Cheibriados
  7224 | D:7      | Bought a pair of pitted gloves for 228 gold pieces
  7229 | D:7      | Identified the +2 pair of gloves "Seruumaf" {rF+ MP+9 Dex+4
                  | Stlth-} (You bought it in a shop on level 7 of the Dungeon)
  7535 | D:8      | Reached skill level 10 in Shields
  7685 | D:9      | Reached skill level 10 in Maces & Flails
  7742 | D:9      | Reached *** piety under Cheibriados
  7822 | D:9      | Noticed Prince Ribbit
  7859 | D:9      | Killed Prince Ribbit
  7902 | D:9      | Reached skill level 1 in Stealth
  7951 | D:9      | Got a pitted rapier
  7958 | D:9      | Identified the cursed +1 rapier of Ratz {drain, rElec MR+
                  | Dex+3} (You found it on level 9 of the Dungeon)
  8094 | D:9      | Reached XP level 11. HP: 60/66 MP: 11/11
  8206 | D:10     | Entered Level 10 of the Dungeon
  8226 | D:10     | Got a bone long sword
  8234 | D:10     | Noticed a two-headed ogre
  8241 | D:10     | Noticed a white ugly thing
  8248 | D:10     | Noticed a green ugly thing
  8254 | D:10     | Noticed an orc knight
  8272 | D:10     | Noticed a deep elf mage
  8272 | D:10     | Noticed a white ugly thing
  8296 | D:10     | Killed a white ugly thing
  8300 | D:10     | Killed a deep elf mage
  8319 | D:10     | Reached **** piety under Cheibriados
  8325 | D:10     | Found a staircase to the Lair.
  8509 | D:10     | Found a flagged portal.
  8523 | Bailey   | Entered a bailey
  8558 | Bailey   | Found a burning altar of Makhleb.
  8558 | Bailey   | Noticed an orc knight
  8574 | Bailey   | Killed an orc knight
  8610 | Bailey   | Noticed an orc knight
  8619 | Bailey   | Killed an orc knight
  8619 | Bailey   | Reached skill level 11 in Shields
  9057 | D:10     | Killed a two-headed ogre
  9133 | D:10     | Killed an orc knight
  9382 | D:10     | Killed a white ugly thing
  9400 | D:10     | Killed a green ugly thing
  9400 | D:10     | Reached ***** piety under Cheibriados
  9506 | D:10     | You fall through a shaft!
  9513 | D:11     | Reached XP level 12. HP: 73/73 MP: 13/13
  9520 | D:11     | Found Zompul's Island Escapes.
  9581 | D:11     | Noticed Harold
  9591 | D:11     | Noticed Snorg
  9609 | D:11     | Killed Harold
 10246 | D:11     | Killed Snorg
 10700 | D:11     | Bought a potion of flight for 36 gold pieces
 10700 | D:11     | Bought a scroll of blinking for 90 gold pieces
 10700 | D:11     | Bought 2 potions of invisibility for 192 gold pieces
 10770 | D:10     | Reached skill level 12 in Shields
 11145 | D:12     | Noticed Nessos
 11158 | D:12     | Killed Nessos
 11455 | D:12     | Found Keno's Distillery.
 11461 | D:12     | Bought a potion of agility for 60 gold pieces
 11461 | D:12     | Bought a potion of heal wounds for 75 gold pieces
 11461 | D:12     | Bought a potion of agility for 60 gold pieces
 11461 | D:12     | Bought a potion of curing for 45 gold pieces
 11539 | D:12     | Reached skill level 1 in Invocations
 11559 | D:12     | Identified the +11 long sword of Anodab {drain, MR+} (You
                  | found it on level 10 of the Dungeon)
 11848 | D:12     | Found a staircase to the Orcish Mines.
 12047 | D:13     | Noticed Azrael
 12058 | D:13     | Killed Azrael
 12192 | D:13     | Noticed a centaur warrior
 12216 | D:13     | Noticed a two-headed ogre
 12226 | D:13     | Killed a centaur warrior
 12226 | D:13     | Reached XP level 13. HP: 77/79 MP: 15/15
 12249 | D:13     | Noticed Kirke
 12267 | D:13     | Killed Kirke
 12508 | D:13     | Reached skill level 13 in Shields
 13286 | D:13     | Reached skill level 5 in Invocations
 13460 | D:15     | Entered Level 15 of the Dungeon
 13521 | D:15     | Found a staircase to the Depths.
 13545 | D:15     | Reached ****** piety under Cheibriados
 13607 | D:15     | Noticed Agnes
 13616 | D:15     | Killed Agnes
 14087 | D:14     | Found a gate to the Vaults.
 14087 | D:14     | Noticed Urug
 14087 | D:14     | Noticed a cyan very ugly thing
 14087 | D:14     | Noticed Rupert
 14102 | D:15     | Killed a cyan very ugly thing
 14256 | D:15     | Gained mutation: Your large and strong wings let you fly
                  | indefinitely. [Gargoyle growth]
 14256 | D:15     | Reached XP level 14. HP: 69/87 MP: 18/18
 14522 | D:15     | Reached skill level 10 in Armour
 14831 | D:15     | Reached skill level 14 in Shields
 14834 | D:15     | Killed Rupert
 15043 | D:14     | Killed Urug
 15043 | D:14     | Reached skill level 10 in Fighting
 15072 | D:14     | You fall through a shaft!
 15483 | D:14     | Found a portal to a secret trove of treasure.
 15910 | D:14     | Found a shimmering altar of Xom.
 16401 | Lair:1   | Entered Level 1 of the Lair of Beasts
 18288 | Lair:2   | Found a staircase to the Snake Pit.
 18601 | Lair:3   | Reached XP level 15. HP: 92/92 MP: 21/21
 18744 | Lair:3   | Found a gate leading to a gauntlet.
 18760 | Gauntlet | Entered a Gauntlet
 18760 | Gauntlet | Found a transporter.
 18763 | Gauntlet | Found a transporter.
 18780 | Gauntlet | Found a transporter.
 18783 | Gauntlet | Found a transporter.
 18801 | Gauntlet | Found a transporter.
 18814 | Gauntlet | Found a transporter.
 18827 | Gauntlet | Found a transporter.
 18847 | Gauntlet | Found a transporter.
 18851 | Gauntlet | Found a transporter.
 18859 | Gauntlet | Found a transporter.
 18882 | Gauntlet | Found a transporter.
 18886 | Gauntlet | Found a transporter.
 19217 | Gauntlet | Got a sparkling jade amulet
 19218 | Gauntlet | Identified the amulet of Sutsirgh {Harm *Drain rF+++ Int+3
                  | Slay-3 Stlth+} (You found it in a Gauntlet)
 19250 | Gauntlet | Reached skill level 15 in Shields
 19373 | Gauntlet | Reached skill level 15 in Maces & Flails
 19395 | Gauntlet | Got a faintly glowing large shield
 19407 | Gauntlet | Identified the cursed +0 large shield of Semal {Stlth+}
                  | (You found it in a Gauntlet)
 19419 | Lair:3   | Identified a scroll of acquirement
 19420 | Lair:3   | Got a scorched buckler
 19431 | Lair:3   | Identified the -8 buckler "Soutara" {rElec} (You acquired
                  | it on level 3 of the Lair of Beasts)
 20016 | Lair:4   | Found a staircase to the Shoals.
 20063 | Lair:4   | Noticed Josephine
 20072 | Lair:4   | Killed Josephine
 21522 | Lair:6   | Entered Level 6 of the Lair of Beasts
 21691 | Lair:6   | Found a staircase to the Slime Pits.
 21750 | Lair:6   | Found a dark tunnel.
 21774 | Volcano  | Entered a volcano
 22489 | Lair:6   | Reached skill level 10 in Invocations
 22807 | Lair:6   | Got a warped bone ring
 23056 | Lair:2   | Identified the ring "Vumestugh" {+Blink rElec rPois MP+9
                  | Int+4} (You found it on level 6 of the Lair of Beasts)
 23231 | Orc:1    | Entered Level 1 of the Orcish Mines
 23660 | Orc:2    | Entered Level 2 of the Orcish Mines
 23660 | Orc:2    | Found a bloodstained altar of Trog.
 23660 | Orc:2    | Found Suifol's Antique Weapon Emporium.
 23690 | Orc:2    | Bought a crystal whip for 195 gold pieces
 23691 | Orc:2    | Identified the +6 whip "Doacu" {elec, rF+ Int+2} (You
                  | bought it in a shop on level 2 of the Orcish Mines)
 23756 | Orc:1    | Paralysed by an orc sorcerer for 5 turns
 23907 | Orc:1    | Reached XP level 16. HP: 82/100 MP: 23/23
 24078 | Orc:2    | Found a staircase to the Elven Halls.
 24095 | Orc:2    | Found Jozesk's Antique Weapon Shoppe.
 24102 | Orc:2    | Reached skill level 16 in Shields
 24162 | Orc:2    | Found Bucuefopp's Assorted Antiques.
 24162 | Orc:2    | Found Bigrua Ugue's Food Emporium.
 24163 | Orc:2    | Found Duaresh's Gadget Shoppe.
 24166 | Orc:2    | Found Mixoisol's Antique Weapon Shoppe.
 24169 | Orc:2    | Bought 2 fizzy clear potions for 36 gold pieces
 24299 | Orc:2    | Found Iheow's Magic Scroll Boutique.
 24480 | Orc:2    | Found a roughly hewn altar of Beogh.
 24701 | Snake:1  | Entered Level 1 of the Snake Pit
 25113 | Snake:1  | Found Xisyjire's Magic Scroll Boutique.
 25134 | Snake:1  | Found a frozen archway.
 25149 | IceCv    | Entered an ice cave
 26072 | Snake:1  | Bought a scroll of blinking for 112 gold pieces
 26072 | Snake:1  | Bought a scroll of identify for 30 gold pieces
 26074 | Snake:1  | Reached skill level 5 in Dodging
 26074 | Snake:1  | Reached XP level 17. HP: 106/106 MP: 24/24
 26075 | Snake:1  | Found Dis Yxzu's Antique Armour Shop.
 26080 | Snake:1  | Bought a glowing helmet for 307 gold pieces
 26124 | Snake:1  | Reached skill level 17 in Shields
 26726 | Snake:2  | Noticed Saint Roka
 27095 | Snake:2  | Killed Saint Roka
 27752 | Snake:3  | Reached skill level 18 in Shields
 27752 | Snake:3  | Reached XP level 18. HP: 68/112 MP: 25/25
 27846 | Snake:3  | Got a pair of shimmering boots
 27857 | Snake:3  | Identified the +0 pair of boots of the Cockatrice {Str+7}
                  | (You acquired it on level 3 of the Snake Pit)
 28830 | Snake:4  | Entered Level 4 of the Snake Pit
 29395 | Snake:4  | Reached skill level 19 in Shields
 29835 | Snake:4  | Reached XP level 19. HP: 105/118 MP: 26/26
 29979 | Snake:4  | Reached skill level 20 in Shields
 30055 | Snake:4  | Got a serpentine rune of Zot
 30324 | Shoals:1 | Entered Level 1 of the Shoals
 31636 | Shoals:2 | Reached skill level 21 in Shields
 31992 | Shoals:2 | Noticed Ilsuiw
 32022 | Shoals:2 | Killed Ilsuiw
 33166 | Shoals:4 | Entered Level 4 of the Shoals
 33383 | Shoals:4 | Got a heavily runed wooden ring
 33384 | Shoals:4 | Identified the ring of Suicidal Tendencies {Fire MR+ Dex+6}
                  | (You found it on level 4 of the Shoals)
 33726 | Shoals:4 | Reached XP level 20. HP: 88/125 MP: 28/28
 33854 | Shoals:4 | Got a sparkling granite ring
 33859 | Shoals:4 | Identified the ring of Vunicwil {Wiz +Fly rC+} (You found
                  | it on level 4 of the Shoals)
 34340 | Shoals:4 | Got a barnacled rune of Zot
 34965 | Elf:1    | Entered Level 1 of the Elven Halls
 35196 | Elf:1    | Reached skill level 22 in Shields
 35353 | Elf:1    | Found Haocram's Food Boutique.
 36232 | Elf:2    | Found Qusic's Assorted Antiques.
 36576 | Elf:2    | Found a runed translucent door.
 36577 | Elf:2    | Noticed Mayja's ghost (veteran DDBe)
 36741 | Elf:2    | Found a large runed translucent door.
 36741 | Elf:2    | Found a large runed translucent door.
 36766 | Elf:2    | Found a large runed translucent door.
 36766 | Elf:2    | Found a large runed translucent door.
 37315 | Elf:3    | Entered Level 3 of the Elven Halls
 37329 | Elf:3    | Reached skill level 23 in Shields
 37368 | Elf:3    | Noticed Nikola
 37405 | Elf:2    | Killed Nikola
 37405 | Elf:2    | Reached XP level 21. HP: 47/132 MP: 28/29
 38688 | Elf:3    | Cast into level 3 of the Abyss (a deep elf sorcerer)
 38837 | Abyss:3  | Paralysed by accursed screaming for 1 turns
 38869 | Abyss:3  | HP: 6/132 [starcursed mass/accursed screaming (8)]
 38936 | Abyss:3  | Paralysed by accursed screaming for 1 turns
 38975 | Elf:3    | Escaped the Abyss
 39046 | Elf:3    | Identified the +9 rapier of Ahiss {vamp, Fragile MR+ Str+8
                  | Stlth+}
 39046 | Elf:3    | Identified the ring "Boleon" {+Blink +Inv rN+ Str-3 Dex+9}
 39108 | Elf:3    | Identified the +1 morningstar of Vitwel {flame, Dex+3}
 39108 | Elf:3    | Identified the +2 robe of Xom's Condemnation {rN+}
 39300 | Elf:3    | Identified the +9 flail of Wounding {venom, MP+9 Int+4}
 39445 | Elf:3    | Identified the Grimoire of Unholy Rituals
 39493 | Elf:3    | Gained mutation: Your spells are a little harder to cast,
                  | but a little more powerful. [a neqoxec]
 40093 | Vaults:1 | Entered Level 1 of the Vaults
 40192 | Vaults:1 | Reached skill level 24 in Shields
 40374 | Vaults:1 | Found a magical portal.
 40447 | Vaults:1 | Reached XP level 22. HP: 121/139 MP: 31/31
 40909 | Vaults:1 | Reached skill level 15 in Fighting
 41923 | Vaults:2 | Found Jutteot's Book Boutique.
 42445 | Vaults:2 | Found a staircase to the Crypt.
 43099 | Vaults:3 | Reached skill level 25 in Shields
 43206 | Vaults:3 | You are sucked into a shaft!
 43441 | Vaults:4 | Reached XP level 23. HP: 145/145 MP: 33/33
 44183 | Vaults:4 | Identified Jurubb's Volume of Aid and Displacement
 44719 | Vaults:3 | Paralysed by a great orb of eyes for 7 turns
 44884 | Vaults:3 | Reached skill level 15 in Armour
 45346 | Vaults:3 | Found a runed translucent door.
 45346 | Vaults:3 | Found a shimmering altar of Xom.
 45346 | Vaults:3 | Noticed ragingrage's ghost (veteran HOFi)
 45369 | Vaults:3 | Killed ragingrage's ghost
 45466 | Vaults:3 | Reached skill level 26 in Shields
 45957 | Elf:2    | Killed Mayja's ghost
 46205 | Vaults:5 | Entered Level 5 of the Vaults
 46231 | Vaults:5 | Reached skill level 15 in Invocations
 46231 | Vaults:5 | Reached XP level 24. HP: 123/153 MP: 34/34
 46322 | Vaults:5 | Identified the +5 hand axe of the Fray {holy, Fragile
                  | Dex+6}
 46433 | Vaults:5 | Paralysed by a floating eye for 4 turns
 46846 | Vaults:5 | Identified the +4 ring mail "Tahoul" {+Inv Int+4 Dex-3}
 47394 | Vaults:5 | Reached XP level 25. HP: 134/160 MP: 35/35
 47608 | Vaults:5 | Identified the +12 war axe "Soifiopu" {freeze, rC+ Str+2}
 47608 | Vaults:5 | Identified the amulet "Miohoc" {+Rage rN+}
 47631 | Vaults:5 | Identified the +3 arbalest "Yseickoha" {velocity, rC+}
 47634 | Vaults:5 | Cast into level 1 of the Abyss (ironbrand convoker)
 47661 | Abyss:1  | Reached skill level 27 in Shields
 47719 | Abyss:2  | Found a bloodstained altar of Trog.
 48053 | Abyss:3  | Found a corrupted altar of Lugonu.
 48185 | Abyss:3  | Lost mutation: Your spells are a little harder to cast, but
                  | a little more powerful. [a neqoxec]
 48604 | Vaults:5 | Escaped the Abyss
 48885 | Vaults:5 | Got a silver rune of Zot
 49115 | Vaults:5 | Found the +3 crown of Dyrovepreva {rElec Int+2 SInv}
 49117 | Vaults:5 | Identified the amulet of Truth {Inacc rF+ rC+ MP+9 Int+2}
                  | (You found it on level 5 of the Vaults)
 49604 | Slime:1  | Entered Level 1 of the Pits of Slime
 49673 | Slime:1  | Reached skill level 1 in Axes
 49771 | Slime:1  | HP: 4/162 [acid (7)]
 49773 | Slime:1  | Splashed by an acid blob's acid

Skill      XL: |  1  2  3  4  5  6  7  8  9 10 11 12 13 14 15 16 17 18 19 20 21 22 23 24 25 |
---------------+----------------------------------------------------------------------------+-----
Maces & Flails | 3 4 5 7 8 10 11 13 14 15 16 17 18 19 | 19.3
Shields        | 4 5 6 7 8 10 11 12 13 14 15 16 18 19 21 23 24 25 26 27 | 27.0
Fighting       | 4 5 6 8 9 10 11 12 13 14 15 16 17 | 17.9
Armour         | 4 5 6 7 8 9 10 11 12 13 14 15 | 15.6
Dodging        | 1 2 3 4 5 6 |  6.6
Evocations     | 1 2 3 4 |  4.0
Stealth        | 1 2 3 |  3.7
Invocations    | 3 6 8 10 12 13 15 16 | 16.5
Axes           | 2 |  2.4

Action                   |  1- 3 |  4- 6 |  7- 9 | 10-12 | 13-15 | 16-18 | 19-21 | 22-24 | 25-27 || total
-------------------------+-------+-------+-------+-------+-------+-------+-------+-------+-------++-------
Melee: Flail             |   142 |    49 |       |       |       |       |       |       |       ||   191
       Morningstar       |       |   259 |   307 |   822 |  1410 |       |       |       |       ||  2798
       Whip              |       |       |       |       |    50 |  1388 |  2438 |   691 |       ||  4567
       Eveningstar       |       |       |       |       |       |       |       |  1403 |   283 ||  1686
       War axe           |       |       |       |       |       |       |       |       |    56 ||    56
Invok: Slouch            |       |       |       |     1 |    10 |     6 |    18 |     5 |       ||    40
       Temporal Distorti |       |       |       |       |     1 |       |     1 |       |       ||     2
       Step From Time    |       |       |       |       |       |       |     3 |       |       ||     3
 Abil: Fly               |       |       |       |       |     1 |       |       |       |       ||     1
Evoke: Wand              |       |       |     5 |    22 |    17 |    10 |    11 |       |       ||    65
  Use: Scroll            |     4 |       |    12 |     7 |    13 |     7 |    15 |    15 |     2 ||    75
       Potion            |       |       |     4 |     4 |     2 |     6 |    11 |     6 |     2 ||    35
 Stab: Distracted        |       |       |       |     1 |       |       |       |       |       ||     1
       Petrified         |       |       |       |       |     7 |       |       |       |       ||     7
       Petrifying        |       |       |       |       |     1 |       |       |       |       ||     1
  Eat: Chunk             |       |     7 |     9 |    12 |    22 |    10 |    21 |    10 |     1 ||    92
       Ration            |       |       |     1 |       |     1 |     1 |     2 |     2 |     2 ||     9
Armor: Scale mail        |   107 |    16 |       |       |       |       |       |       |       ||   123
       Chain mail        |       |   212 |   177 |   328 |   657 |   106 |       |       |       ||  1480
       Plate armour      |       |       |       |       |       |   214 |   605 |   464 |    83 ||  1366
       Ice dragon scales |       |       |       |       |       |    24 |       |       |       ||    24
Dodge: Dodged            |    60 |    71 |    67 |   225 |   481 |   257 |   490 |   525 |    75 ||  2251
Block: Shield            |    84 |   169 |    29 |   768 |   851 |       |       |       |       ||  1901
       Large shield      |       |       |   252 |     6 |   762 |  1398 |  2588 |  2590 |   397 ||  7993
